 Dungeon Crawl Stone Soup version 0.31-a0-222-gefeffbb62a (webtiles) character file.

Game seed: 15328858199247329824

1372 LnG the Covert (level 8, -2/66 HPs)
             Began as a Kobold Summoner on July 5, 2023.
             Was an Initiate of Dithmenos.
             Succumbed to a water moccasin's poison
             ... on level 5 of the Dungeon.
             The game lasted 00:25:11 (6328 turns).

LnG the Covert (Kobold Summoner)                    Turns: 6328, Time: 00:25:11

Health: -2/66      AC: 24    Str:  5    XL:     8   Next: 98%
Magic:  12/14      EV:  3    Int: 18    God:    Dithmenos [......]
Gold:   440        SH:  0    Dex: 16    Spells: 9/15 levels left

rFire   . . .        c - +7 dagger (protect)
rCold   . . .        (no shield)
rNeg    . . .        a - melded +0 robe
rPois   +            (helmet currently unavailable)
rElec   .            y - melded +0 cloak
rCorr   .            k - melded +1 pair of gloves
SInv    .            m - melded +0 pair of boots
Will    .....        (no amulet)
Stlth   ++++++       (no ring)
HPRegen 0.31/turn    (no ring)
MPRegen 0.14/turn

%: no passive effects
@: mighty, lethally poisoned (-2 -> -17), tree-form
A: stationary, stasis, torment immunity, boosted hp, small, no large weapons,
nightstalker 3, (horns 1), inability to read after injury 1
a: Renounce Religion


You were on level 5 of the Dungeon.
You worshipped Dithmenos.
Dithmenos was noncommittal.
You were a tree.
You visited 2 branches of the dungeon, and saw 6 of its levels.
You also visited: Ossuary.

You collected 440 gold pieces.

Inventory:

Hand Weapons
 c - a +7 dagger of protection (weapon)
 h - the +8 hand axe "Qiocroed" {flame, rCorr Str+5 Int-5 Dex+3}
   (You found it on level 2 of the Dungeon)

   Str:       It affects your strength (+5).
   Int:       It affects your intelligence (-5).
   Dex:       It affects your dexterity (+3).
   rCorr:     It protects you from acid and corrosion.
Missiles
 d - 2 throwing nets
Armour
 a - a +0 robe (melded)
 f - the +0 leather armour of the Imp {*Corrode Will+ MP+9 SInv}
   (You found it on level 3 of the Dungeon)

   MP:        It affects your magic capacity (+9).
   SInv:      It lets you see invisible.
   *Corrode:  It may corrode you when you take damage.
   Will:      It increases your willpower.
 k - a +1 pair of gloves (melded)
 m - a +0 pair of boots (melded)
 y - a +0 cloak (melded)
Jewellery
 o - an amulet of faith
Wands
 v - a wand of roots (7)
Scrolls
 e - a scroll of amnesia
 g - a scroll of enchant armour {unknown}
 i - 2 scrolls of fear
 j - 2 scrolls of teleportation
 l - 2 scrolls of revelation
 u - a scroll of poison {unknown}
Potions
 b - a potion of magic
 r - a potion of heal wounds {unknown}
 s - 3 potions of haste
 t - 2 potions of cancellation
 w - a potion of enlightenment {unknown}
 x - a potion of brilliance {unknown}


   Skills:
 + Level 1.8 Fighting
 + Level 3.8 Short Blades
 * Level 5.2 Dodging
 * Level 10.2 Stealth
 + Level 4.3 Spellcasting
 + Level 5.4 Summonings


You had 9 spell levels left.
You knew the following spells:

 Your Spells              Type           Power      Damage    Failure   Level
a - Summon Small Mammal   Summ           92%        N/A       1%          1
b - Call Imp              Summ           46%        N/A       2%          2
c - Call Canine Familiar  Summ           23%        N/A       4%          3

Your spell library contained the following spells:

 Spells                   Type           Power      Damage    Failure   Level
 Summon Guardian Golem    Hex/Summ       13%        N/A       14%         3
 Vhi's Electric Charge    Tloc/Air       6%         N/A       38%         3
 Summon Lightning Spire   Summ/Air       13%        N/A       43%         4
 Arcjolt                  Conj/Air       1%         1d11      98%         5
 Maxwell's Capacitive Co  Air            1%         ∞         100%        8


Dungeon Overview and Level Annotations

Branches:
Dungeon (5/15)             Temple (1/1) D:5         Ossuary (visited)

Altars:
Ashenzari
Cheibriados
Dithmenos
Elyvilon
Fedhas
Kikubaaqudgha
Makhleb
Nemelex Xobeh
Okawaru
Trog
Wu Jian
Zin
The Shining One

Shops:
D:5 =

Annotations:
D:4 Blork the orc, Eustachio, Pargi


Innate Abilities, Weirdness & Mutations

You are a tree.
Your roots penetrate the ground, keeping you stationary.
You cannot be teleported.
You are immune to unholy pain and torment.
Your maximum health is greatly increased.
Your equipment is partially melded.
You are small and have problems with some larger weapons.
You are completely attuned to the shadows.
((You have a pair of small horns on your head.))
You occasionally lose the ability to read scrolls when taking damage.


Message History

The water moccasin is moderately wounded.
You feel very sick. The water moccasin barely misses you.
Your hound closely misses the water moccasin.
The water moccasin barely misses you.
You hit the water moccasin.
The water moccasin is moderately wounded.
You feel sick.
Your hound bites the water moccasin.
The water moccasin bites you.
* * * LOW HITPOINT WARNING * * *
It was a potion of cancellation.
You feel magically purged.
* * * LOW HITPOINT WARNING * * *
You feel very sick.
Your hound barely misses the water moccasin.
The water moccasin bites you.
* * * LOW HITPOINT WARNING * * *
You are lethally poisoned!
The water moccasin poisons you!
It was a potion of lignification.
You turn into a tree.
Your +0 cloak melds into your body.
Your +1 pair of gloves melds into your body.
Your +0 pair of boots melds into your body.
Your +0 robe melds into your body.
Your roots penetrate the ground.
* * * LOW HITPOINT WARNING * * *
You feel very sick.
Your hound barely misses the water moccasin.
The water moccasin bites you.
* * * LOW HITPOINT WARNING * * *
Your hound closely misses the water moccasin.
It was a potion of mutation.
You feel extremely strange. A pair of horns grows on your head!
You occasionally lose the ability to read scrolls when taking damage.
* * * LOW HITPOINT WARNING * * *
You feel very sick.
The water moccasin bites you but does no damage.
Your hound barely misses the water moccasin.
The water moccasin bites you but does no damage.
It was a potion of might.
You feel very mighty all of a sudden.
You die...

....>#....###########.#.# #.#
......................#.# #.#
.###.#....#############.#####.##
.# #...........................#
.###.##################.########
............#.....<.....#......#
####.######.#.#...#######.##.###
##...######.#.#hS.......#(##.###
Z###......#.#.#.♣######.#......#
####......#.#.#.........#.#..###
..........#.#.#.###########..#
###.......#.#.#..............#
Z###.######.#.##############.#
####.# #.#.##############.#
.....# #.#...†...........>#
..#.>######.##################
..###).........#


You could see a water moccasin (ally target) and a friendly hound (summoned).

Vanquished Creatures
  A black bear (D:5)
  3 phantoms (D:5)
  An elf skeleton (D:5)
  2 scorpions (D:5)
  4 wights (D:5)
  A hound (D:5)
  A human zombie (D:5)
  Ijyb (D:5)
  An iguana (D:5)
  2 human skeletons (D:5)
  6 mummies (Ossuary)
  2 gnolls (D:3)
  3 adders
  A white imp (D:3)
  A dart slug (D:2)
  4 orcs (D:5)
  7 bats
  3 endoplasms
  5 giant cockroaches
  2 goblins
  7 hobgoblins
  2 jackals (D:1)
  8 kobolds
  4 quokkas
  6 ball pythons
  5 frilled lizards
  A gnoll zombie (Ossuary)
  3 hobgoblin zombies (Ossuary)
  An orc skeleton (D:5)
  An orc zombie (D:5)
  4 rats
93 creatures vanquished.

Vanquished Creatures (collateral kills)
  An ice beast (D:5)
  2 howler monkeys
  A sleepcap (D:5)
  2 mummies (Ossuary)
  An adder (D:4)
  6 gnolls
  2 worms
  An orc (D:3)
  A gnoll zombie (Ossuary)
  A goblin (D:1)
  A ball python (D:4)
  A kobold (D:1)
  A kobold zombie (Ossuary)
  2 orc zombies (Ossuary)
23 creatures vanquished.

Grand Total: 116 creatures vanquished

Notes
Turn   | Place    | Note
-------+----------+-------------------------------------------
     0 | D:1      | LnG the Kobold Summoner began the quest for the Orb.
     0 | D:1      | Reached XP level 1. HP: 10/10 MP: 3/3
    85 | D:1      | Reached skill level 3 in Stealth
    94 | D:1      | Reached XP level 2. HP: 15/15 MP: 5/5
   102 | D:1      | Learned a level 2 spell: Call Imp
   563 | D:1      | Reached XP level 3. HP: 19/19 MP: 6/6
   807 | D:1      | Learned a level 3 spell: Call Canine Familiar
   983 | D:2      | Reached skill level 4 in Stealth
  1321 | D:2      | Identified the +8 hand axe "Qiocroed" {flame, rCorr Str+5
                  | Int-5 Dex+3}
  1335 | D:2      | Found a sparkling altar of Nemelex Xobeh.
  1351 | D:2      | Reached XP level 4. HP: 24/24 MP: 7/7
  1380 | D:2      | Found a faded altar of an unknown god.
  1432 | D:2      | Reached skill level 5 in Stealth
  1460 | D:2      | Reached skill level 1 in Short Blades
  2644 | D:4      | Found a broken altar of Ashenzari.
  2873 | D:3      | You fall into a shaft and drop 1 floor!
  2927 | D:3      | Reached XP level 5. HP: 17/28 MP: 2/8
  3383 | D:4      | Noticed Pargi
  3384 | D:4      | Reached skill level 6 in Stealth
  3487 | D:4      | Noticed an ogre
  3556 | D:3      | Reached XP level 6. HP: 32/32 MP: 4/10
  3620 | D:3      | Identified the +0 leather armour of the Imp {*Corrode Will+
                  | MP+9 SInv}
  3819 | D:4      | Noticed Blork the orc
  3925 | D:5      | Entered Level 5 of the Dungeon
  3988 | D:5      | Found a glowing golden altar of the Shining One.
  3993 | D:5      | Noticed an ice beast
  4000 | D:5      | Killed an ice beast
  4009 | D:5      | Reached XP level 7. HP: 9/37 MP: 5/12
  4014 | D:5      | Noticed Ijyb
  4202 | D:5      | Reached skill level 7 in Stealth
  4218 | D:4      | Noticed Eustachio
  4245 | D:5      | Noticed a water moccasin
  4302 | D:5      | Reached skill level 5 in Summonings
  4401 | D:5      | Reached skill level 8 in Stealth
  4411 | D:5      | Found a sand-covered staircase.
  4414 | D:5      | Reached XP level 8. HP: 42/42 MP: 13/13
  4416 | Ossuary  | Entered an ossuary
  4922 | D:5      | Found a staircase to the Ecumenical Temple.
  4927 | Temple   | Entered the Ecumenical Temple
  5000 | Temple   | Became a worshipper of Dithmenos the Shadowed
  5123 | D:5      | Reached skill level 1 in Fighting
  5123 | D:5      | Reached skill level 9 in Stealth
  5175 | D:5      | Killed Ijyb
  5416 | D:5      | Found an ornate altar of the Wu Jian Council.
  5420 | D:5      | Noticed a spectral centipede
  5420 | D:5      | Noticed a spectral black mamba
  5683 | D:5      | Found Izxoy's Jewellery Shoppe.
  5914 | D:5      | Reached skill level 5 in Dodging
  5916 | D:5      | Reached skill level 10 in Stealth
  6327 | D:5      | Gained mutation: You have a pair of small horns on your
                  | head. [potion of mutation]
  6327 | D:5      | Gained mutation: You occasionally lose the ability to read
                  | scrolls when taking damage. [potion of mutation]
  6327 | D:5      | HP: 2/66 [poisoned by a water moccasin]
  6328 | D:5      | Succumbed to a water moccasin's poison

Illustrated notes

Levels and vault maps discovered:
D:1:      psy_arrival_terrarium, layout_basic
D:2:      minmay_recursive_quarters, layout_loops_corners, basic_altar,
          dreamdust_ecumenical_altar_angels_and_demons, serial_forest,
          infiniplex_forest_end_3, infiniplex_forest_lined_ring,
          infiniplex_forest_clump_medium, infiniplex_forest_clump_diagonal,
          infiniplex_forest_straight_4, infiniplex_forest_end_2,
          infiniplex_forest_clump_small, infiniplex_forest_side_room
D:3:      layout_basic
D:4:      layout_cave_pools, nicolae_ashenzari_skybound, lemuel_round_altar,
          nicolae_ru_awakened_eye, uniq_eustachio, uniq_blork_the_orc,
          uniq_robin, uniq_pargi
D:5:      layout_basic, tso_metal_star, pdpol_wu_jian_five_deadly_venoms,
          nicolae_ossuary_entry_catacombs, serial_shops,
          nicolae_shop_advertising_works [nicolae_subvault_shop_adworks],
          minmay_misc_feat_encased, uniq_ijyb, uniq_duvessa
Temple:   cyrus_temple_forest

Skill      XL: |  1  2  3  4  5  6  7  8 |
---------------+-------------------------+-----
Stealth        | 3 4 5 6 8 10 | 10.2
Short Blades   | 1 2 3 |  3.8
Dodging        | 3 4 5 |  5.2
Spellcasting   | 3 4 |  4.3
Summonings     | 5 |  5.4
Fighting       | 1 |  1.8

Action                     |  1- 3 |  4- 6 |  7- 9 || total
---------------------------+-------+-------+-------++-------
  Melee: Dagger            |    95 |   121 |   102 ||   318
         Punch             |       |     2 |     2 ||     4
   Cast: Summon Small Mamm |     2 |     2 |     2 ||     6
         Call Imp          |     3 |     7 |     5 ||    15
         Call Canine Famil |       |    11 |    10 ||    21
    Use: Scroll            |       |     6 |     9 ||    15
         Potion            |       |     1 |     4 ||     5
   Stab: Sleeping          |    26 |    16 |    15 ||    57
         Distracted        |       |     1 |     3 ||     4
 Armour: Robe              |     8 |    18 |    12 ||    38
         Skin              |       |       |     2 ||     2
  Dodge: Dodged            |    46 |    94 |    41 ||   181

Table legend: (Time is in decaauts)
 A = Elapsed time spent in this place.
 B = Non-inter-level travel time spent in this place.
 C = Inter-level travel time spent in this place.
 D = Time resting spent in this place.
 E = Time spent auto-exploring this place.
 F = Levels seen in this place.
 G = Mean time per level.
                   A        B        C        D        E       F      G
               +--------+--------+--------+--------+--------+-----+--------+
         Total |   6289 |   6114 |    175 |    810 |   3392 |   7 |  898.4 |
       Dungeon |   5847 |   5672 |    175 |    722 |   3288 |   5 | 1169.4 |
        Temple |     96 |     96 |      0 |      0 |     61 |   1 |   96.0 |
       Ossuary |    345 |    345 |      0 |     88 |     43 |   1 |  345.0 |
               +--------+--------+--------+--------+--------+-----+--------+

Top non-repeatable levels by time:
     D:5: 1939 daAuts
     D:2: 1273 daAuts
     D:3: 1006 daAuts
     D:1: 860 daAuts
     D:4: 766 daAuts
 Ossuary: 345 daAuts
  Temple: 96 daAuts
